 Dungeon Crawl Stone Soup version 0.23.0-42-geed6394 (webtiles) character file.

Game seed: 12749105826566950714

4422 Kairos the Cleaver (level 10, -5/53 HPs)
             Began as a Vine Stalker Fighter on Feb 28, 2019.
             Was a Believer of Okawaru.
             Slain by a two-headed ogre
             ... wielding a +0 giant club
              (10 damage)
             ... on level 8 of the Dungeon.
             The game lasted 00:10:00 (5443 turns).

Kairos the Cleaver (Vine Stalker Fighter)           Turns: 5443, Time: 00:10:01

Health: -5/53      AC:  6    Str: 21    XL:     10   Next: 36%
Magic:  0/11       EV: 19    Int:  8    God:    Okawaru [**....]
Gold:   417        SH: 13    Dex: 24    Spells: 9/9 levels left

rFire    + . .     SeeInvis .   a - +0 war axe
rCold    + + +     Gourm    .   c - +0 shield
rNeg     . . .     Faith    .   H - +1 leather armour of Bahen {*Drain rC+++ Dex+3 Slay+3}
rPois    +         Spirit   +   z - +0 helmet
rElec    .         Reflect  .   e - scarf {rC+ rF+}
rCorr    .         Harm     .   (no gloves)
MR       +....                  (no boots)
Stlth    ++++......             A - amulet of rage
HPRegen  0.57/turn              m - ring of poison resistance
MPRegen  0.12/turn              E - +6 ring of dexterity

@: heroism
A: fangs 3, regeneration 1, magic shield, antimagic bite, no potion heal 3, rot
immunity
a: Heroism, Renounce Religion, Evoke Berserk Rage


You were on level 8 of the Dungeon.
You worshipped Okawaru.
Okawaru was pleased with you.
You were hungry.

You visited 2 branches of the dungeon, and saw 9 of its levels.

You collected 417 gold pieces.

Inventory:

Hand Weapons
 a - a +0 war axe (weapon)
 n - a +1 short sword of draining
 I - a +3 flail
Missiles
 F - 5 tomahawks (quivered)
Armour
 b - a +0 scale mail
 c - a +0 shield (worn)
 e - a scarf of resistance (worn)
 z - a +0 helmet (worn)
 H - the +1 leather armour of Bahen (worn) {*Drain rC+++ Dex+3 Slay+3}
   (You took it off a hobgoblin on level 4 of the Dungeon)

   It affects your dexterity (+3).
   It affects your accuracy and damage with ranged weapons and melee attacks
   (+3).
   It renders you almost immune to cold.
   It causes draining when unequipped.
Jewellery
 m - a ring of poison resistance (left hand)
 p - an uncursed ring of resist corrosion
 w - an uncursed ring of protection from fire
 A - an amulet of rage (around neck)
 E - a +6 ring of dexterity (right hand)
 J - an uncursed ring of see invisible
Wands
 t - a wand of paralysis (6)
 D - a wand of polymorph (5)
Scrolls
 h - a scroll of random uselessness
 i - a scroll of blinking {unknown}
 j - 2 scrolls of magic mapping {unknown}
 o - 2 scrolls of fear
 q - 2 scrolls of enchant armour {unknown}
 r - 2 scrolls of teleportation {unknown}
 s - a scroll of identify
 v - a scroll of fog {unknown}
 y - 2 scrolls of amnesia {unknown}
 B - 3 scrolls of remove curse
Potions
 d - 2 potions of might
 g - 2 potions of berserk rage
 k - 2 potions of lignification
 l - 2 potions of curing
 u - 2 potions of heal wounds {unknown}
 x - 2 potions of cancellation {unknown}
 C - 3 potions of degeneration {unknown}
 G - a potion of magic {unknown}
Comestibles
 f - 14 rations


   Skills:
 + Level 6.3(11.3) Fighting
 + Level 9.4(14.4) Axes
 + Level 4.1(9.1) Armour
 + Level 3.3(8.3) Dodging
 + Level 3.6(8.6) Stealth
 + Level 5.9(10.9) Shields
 + Level 0.1 Invocations
 + Level 1.1 Evocations


You had 9 spell levels left.
You didn't know any spells.
Your spell library contained the following spells:

 Spells                   Type           Power        Failure   Level  Hunger
 Beastly Appendage        Tmut           #.....       63%         1    ##.....
 Sticks to Snakes         Tmut           #.......     77%         2    ###....
 Spider Form              Tmut/Pois      #.........   94%         3    ####...
 Ice Form                 Ice/Tmut       #.......     100%        4    #####..
 Blade Hands              Tmut           #.........   100%        5    ######.


Dungeon Overview and Level Annotations

Branches:
Dungeon (8/15)             Temple (1/1) D:7
   Lair: D:8-11

Altars:
Ashenzari
Cheibriados
Dithmenos
Elyvilon
Fedhas
Gozag
Hepliaklqana
Kikubaaqudgha
Makhleb
Nemelex Xobeh
Okawaru
Ru
Trog
Uskayaw
Wu Jian
Xom
Yredelemnul
Zin
The Shining One

Annotations:
D:3 3 runed translucent doors, Kairos's ghost, amateur VSFi


Innate Abilities, Weirdness & Mutations

You have razor-sharp teeth.
Your natural rate of healing is unusually fast.
When hurt, damage is shared between your health and your magic reserves.
Your bite disrupts and absorbs the magic of your enemies.
Potions cannot restore your health.
You are immune to rotting.


Message History

The two-headed ogre barely misses you. x2
You barely miss the two-headed ogre. You bite the two-headed ogre.
You drain its power.
You feel invigorated.
The two-headed ogre is lightly wounded.
You slash the kobold!
You kill the kobold!
The kobold throws a stone.
The stone hits you.
You gain the combat prowess of a mighty hero.
The two-headed ogre barely misses you.
The two-headed ogre hits you with a cursed +0 giant club!
You slash the two-headed ogre! You bite the two-headed ogre!
You drain its power.
You feel invigorated.
The two-headed ogre is heavily wounded.
The two-headed ogre hits you with a +0 giant club!!
* * * LOW HITPOINT WARNING * * *
You block the two-headed ogre's attack.
You slash the two-headed ogre!
The two-headed ogre is severely wounded.
The two-headed ogre hits you with a +0 giant club!
You die...

#....#..........#..##.
#....†?....#...####
#....†.....#...#..
#.................
...KS.###.............#
..... ##............+
.... #..(......#..# .O.
#...O....##... #.
###.†@.(.# . #.....##
..K....## .$...%####
.%..### ..## ..


You could see a two-headed ogre and a kobold.

Vanquished Creatures
  Harold (D:7)
  A two-headed ogre (D:8)
  A yak (D:8)
  Menkaure (D:7)
  An ice beast (D:5)
  A phantom (D:6)
  A sky beast (D:7)
  3 ogres
  An orc warrior (D:7)
  A centaur (D:5)
  2 big kobolds
  2 scorpions
  8 wights
  11 killer bees
  3 howler monkeys (D:7)
  4 crimson imps
  A centaur zombie (D:6)
  An orc priest (D:6)
  3 hounds
  7 orc wizards
  A centaur skeleton (D:4)
  3 iguanas
  3 worker ants
  3 hound zombies
  Robin (D:4)
  A gnoll (D:7)
  7 adders
  2 shadow imps (D:7)
  An ooze (D:3)
  A worm (D:4)
  4 dart slugs
  7 leopard geckos
  19 orcs
  5 giant cockroaches
  18 goblins
  9 hobgoblins
  22 jackals
  16 kobolds
  2 quokkas
  A ball python (D:6)
  7 bats
  4 frilled lizards
  A quokka skeleton (D:6)
  6 rats
198 creatures vanquished.

Notes
Turn   | Place    | Note
-------+----------+-------------------------------------------
     0 | D:1      | Kairos the Vine Stalker Fighter began the quest for the
                  | Orb.
     0 | D:1      | Reached XP level 1. HP: 11/11 MP: 2/2
    92 | D:1      | Reached XP level 2. HP: 12/16 MP: 3/3
   342 | D:1      | Reached XP level 3. HP: 13/20 MP: 4/4
   493 | D:1      | Reached skill level 2 in Axes
   934 | D:2      | Gained mutation: Your natural rate of healing is unusually
                  | fast. [Vine Stalker growth]
   934 | D:2      | Reached XP level 4. HP: 15/24 MP: 5/5
  1121 | D:2      | Found a bloodstained altar of Trog.
  1288 | D:2      | Found a sparkling altar of Nemelex Xobeh.
  1648 | D:3      | Reached XP level 5. HP: 27/28 MP: 6/6
  1660 | D:3      | Found a runed translucent gate.
  1662 | D:3      | Found a runed translucent gate.
  1663 | D:3      | Found a runed translucent gate.
  1670 | D:3      | Noticed Kairos's ghost (amateur VSFi)
  1950 | D:3      | Found a basalt altar of Yredelemnul.
  1959 | D:3      | Found a glowing golden altar of the Shining One.
  1962 | D:3      | Noticed an angel
  2099 | D:4      | Reached skill level 3 in Axes
  2106 | D:4      | Reached XP level 6. HP: 33/33 MP: 7/7
  2170 | D:4      | Found an opulent altar of Gozag.
  2340 | D:4      | Noticed Robin
  2390 | D:4      | Killed Robin
  2390 | D:4      | Reached skill level 1 in Dodging
  2399 | D:4      | Identified the +1 leather armour of Bahen {*Drain rC+++
                  | Dex+3 Slay+3}
  2526 | D:4      | Reached skill level 4 in Axes
  2889 | D:5      | Entered Level 5 of the Dungeon
  2960 | D:5      | Reached XP level 7. HP: 37/37 MP: 8/8
  3474 | D:6      | Reached skill level 5 in Axes
  3478 | D:6      | Gained mutation: You have razor-sharp teeth. [Vine Stalker
                  | growth]
  3478 | D:6      | Reached XP level 8. HP: 17/42 MP: 9/9
  3625 | D:6      | Reached skill level 6 in Axes
  4229 | D:7      | Reached skill level 7 in Axes
  4244 | D:7      | Noticed Harold
  4260 | D:7      | Killed Harold
  4260 | D:7      | Reached skill level 5 in Fighting
  4260 | D:7      | Reached skill level 8 in Axes
  4260 | D:7      | Reached skill level 5 in Shields
  4260 | D:7      | Reached XP level 9. HP: 37/47 MP: 10/10
  4363 | D:7      | Reached skill level 1 in Evocations
  4450 | D:7      | Found a staircase to the Ecumenical Temple.
  4473 | Temple   | Entered the Ecumenical Temple
  4503 | Temple   | Became a worshipper of Warmaster Okawaru
  4625 | D:7      | Found a shattered altar of Ashenzari.
  4703 | D:7      | Reached skill level 1 in Stealth
  4775 | D:7      | Noticed Menkaure
  4783 | D:7      | Killed Menkaure
  4930 | D:7      | Reached * piety under Okawaru
  5051 | D:7      | Reached XP level 10. HP: 34/53 MP: 6/11
  5074 | D:8      | Found a sparkling altar of Nemelex Xobeh.
  5081 | D:8      | Noticed a two-headed ogre
  5090 | D:7      | HP: 2/53 [killer bee (4)]
  5382 | D:8      | Noticed a two-headed ogre
  5386 | D:8      | Killed a two-headed ogre
  5386 | D:8      | Reached skill level 9 in Axes
  5411 | D:8      | Reached ** piety under Okawaru
  5418 | D:8      | Noticed a two-headed ogre
  5443 | D:8      | Slain by a two-headed ogre

Skill      XL: |  1  2  3  4  5  6  7  8  9 10 |
---------------+-------------------------------+-----
Fighting       | 3 4 5 6 |  6.3
Shields        | 3 4 5 |  5.9
Axes           | 2 3 4 5 8 9 |  9.4
Armour         | 3 4 |  4.1
Dodging        | 1 2 3 |  3.3
Evocations     | 1 |  1.1
Stealth        | 2 3 |  3.6
Invocations    | |  0.1

Action                   |  1- 3 |  4- 6 |  7- 9 | 10-12 || total
-------------------------+-------+-------+-------+-------++-------
Melee: War axe           |   132 |   150 |   197 |    35 ||   514
       Bite              |    35 |    41 |    79 |    17 ||   172
Throw: Tomahawk          |       |       |       |     1 ||     1
Invok: Heroism           |       |       |       |     4 ||     4
 Abil: Evoke Berserk Rag |       |       |     1 |       ||     1
  Use: Scroll            |       |       |     7 |       ||     7
       Potion            |       |       |       |     1 ||     1
 Stab: Sleeping          |       |       |     2 |     1 ||     3
       Distracted        |       |       |     2 |       ||     2
  Eat: Chunk             |       |     7 |       |     2 ||     9
       Ration            |       |       |     2 |       ||     2
Armor: Scale mail        |    86 |    71 |       |       ||   157
       Chain mail        |       |     8 |    10 |       ||    18
       Leather armour    |       |       |    18 |     4 ||    22
Dodge: Dodged            |    54 |    47 |    59 |    30 ||   190
Block: Shield            |    87 |    80 |   106 |    31 ||   304
